SAAA
HAMILTON COYOTES @ FLORIDA MEN
05/31/2042
 
TOP OF THE 1ST
Hamilton Coyotes batting - Pitching for Florida Men : RHP Tim Sharp
Pitching: RHP Tim Sharp
Batting: LHB Jason Powell 0-0: Ball
1-0: Ball
2-0: Ball
3-0: Base on Balls
Batting: RHB Cary Collins 0-0: Ball
1-0: DOUBLE (Line Drive, 9LM, EV 91.9 MPH)
Jason Powell to third
Batting: SHB Alex Warner 0-0: Ball
1-0: Ground out 4-3 (Groundball, 4, EV 86.2 MPH)
Jason Powell scores
Cary Collins to third
Batting: RHB Rey McSriff 0-0: Ball
1-0: DOUBLE (Flyball, 8RXD, EV 101.2 MPH)
Cary Collins scores
Batting: SHB Júlio Moreno 0-0: Ground out 6-3 (Groundball, 56, EV 100.0 MPH)
Batting: RHB Kazunari Mizuno 0-0: Ball
1-0: Swinging Strike
1-1: Swinging Strike
1-2: Ball
2-2: Strikes out swinging
Top of the 1st over - 2 runs, 2 hits, 0 errors, 1 left on base; Hamilton 2 - Florida 0
BOTTOM OF THE 1ST
Florida Men batting - Pitching for Hamilton Coyotes : RHP Jesús Castillo
Pitching: RHP Jesús Castillo
Batting: RHB Matsudaira Sugahara 0-0: Ground out 2-3 (Groundball, 15S, EV 74.4 MPH)
Batting: RHB Marcos Janero 0-0: Ball
1-0: Ball
2-0: Foul Ball, location: 2F
2-1: Ball
3-1: Base on Balls
Batting: LHB Edward Kisiner 0-0: Called Strike
0-1: Ball
1-1: DOUBLE (Flyball, 8RXD, EV 96.9 MPH)
Marcos Janero to third
Runner from 3rd tries for Home, SAFE, no throw by CF
Batting: RHB Walke Mehoff 0-0: Ball
1-0: Fly out, F8 (Flyball, 8LD, EV 92.5 MPH)
Batting: LHB Jim Halpert 0-0: DOUBLE (Line Drive, 89XD, EV 100.0 MPH)
Edward Kisiner scores
Batting: RHB César Guerra 0-0: Ball
1-0: Ball
2-0: Called Strike
2-1: Ball
3-1: Base on Balls
Batting: RHB Obiniana Romulo 0-0: Ball
1-0: Reached on error, E1 (Groundball, 13, EV 79.4 MPH)
Jim Halpert to third
César Guerra to second
Batting: RHB Pellervo Rintanen 0-0: Ball
1-0: Ball
2-0: Foul Ball, location: 2F
2-1: Foul Ball, location: 2F
2-2: Foul Ball, location: 2F
2-2: Strikes out looking
Bottom of the 1st over - 2 runs, 2 hits, 1 error, 3 left on base; Hamilton 2 - Florida 2
TOP OF THE 2ND
Hamilton Coyotes batting - Pitching for Florida Men : RHP Tim Sharp
Batting: RHB Gary Goodwin 0-0: Ball
1-0: Ball
2-0: Called Strike
2-1: Ball
3-1: Foul Ball, location: 2F
3-2: Strikes out swinging
Batting: RHB Rob Shannon 0-0: SINGLE (Flyball, 9S, EV 88.8 MPH)
Batting: RHB Dylan Oram 0-0: Swinging Strike
0-1: Ball
1-1: Ground out 4-3 (Groundball, 4S, EV 68.8 MPH)
Rob Shannon to second
Batting: LHB Jason Powell 0-0: Called Strike
0-1: Swinging Strike
0-2: Ball
1-2: Foul Ball, location: 2F
1-2: Ball
2-2: Ground out 4-3 (Groundball, 34, EV 81.9 MPH)
Top of the 2nd over - 0 runs, 1 hit, 0 errors, 1 left on base; Hamilton 2 - Florida 2
BOTTOM OF THE 2ND
Florida Men batting - Pitching for Hamilton Coyotes : RHP Jesús Castillo
Batting: LHB Peter Metellus 0-0: Ball
1-0: Ball
2-0: Ball
3-0: Base on Balls
Batting: RHB Matsudaira Sugahara 0-0: Swinging Strike
0-1: Foul Ball, location: 2F
0-2: Strikes out looking
Batting: RHB Marcos Janero 0-0: Foul Ball, location: 2F
0-1: Foul Ball, location: 2F
0-2: Ball
1-2: TRIPLE (Flyball, 89XD, EV 114.4 MPH)
Peter Metellus scores
Pitching: RHP Ken Dundee
Batting: LHB Edward Kisiner 0-0: Ball
1-0: Foul Ball, location: 2F
1-1: Ball
2-1: Ball
3-1: Foul Ball, location: 2F
3-2: Base on Balls
Batting: RHB Walke Mehoff 0-0: Called Strike
0-1: Swinging Strike
0-2: Foul Ball, location: 2F
0-2: SINGLE (Line Drive, 6MD, EV 106.2 MPH)
Marcos Janero scores
Edward Kisiner to second
Batting: LHB Jim Halpert 0-0: Ball
1-0: Swinging Strike
1-1: Ground out 4-3 (Groundball, 34D, EV 105.0 MPH)
Edward Kisiner to third
Walke Mehoff to second
Batting: RHB César Guerra 0-0: Ball
1-0: Ball
2-0: Ball
3-0: Called Strike
3-1: Called Strike
3-2: Base on Balls
Batting: RHB Obiniana Romulo 0-0: Ball
1-0: Foul Ball, location: 2F
1-1: Fly out, F8 (Line Drive, 8RD, EV 91.9 MPH)
Bottom of the 2nd over - 2 runs, 2 hits, 0 errors, 3 left on base; Hamilton 2 - Florida 4
TOP OF THE 3RD
Hamilton Coyotes batting - Pitching for Florida Men : RHP Tim Sharp
Batting: RHB Cary Collins 0-0: Foul Ball, location: 2F
0-1: Called Strike
0-2: Ball
1-2: Ball
2-2: Foul Ball, location: 2F
2-2: Fly out, F7 (Flyball, 7, EV 75.0 MPH)
Batting: SHB Alex Warner 0-0: Ball
1-0: Fly out, F7 (Line Drive, 7D, EV 107.5 MPH)
Batting: RHB Rey McSriff 0-0: SINGLE (Flyball, 9LS, EV 85.0 MPH)
Batting: SHB Júlio Moreno 0-0: Ball
1-0: Ball
2-0: Called Strike
2-1: Called Strike
2-2: Foul Ball, location: 2F
2-2: Ball
3-2: Foul Ball, location: 2F
3-2: Reached via error on a dropped throw from SS, E3 (Groundball, 6, EV 108.1 MPH)
Rey McSriff to second
Batting: RHB Kazunari Mizuno 0-0: Called Strike
0-1: Fielders Choice at 2nd, 6-4 (Groundball, 6, EV 91.9 MPH)
Top of the 3rd over - 0 runs, 1 hit, 1 error, 2 left on base; Hamilton 2 - Florida 4
BOTTOM OF THE 3RD
Florida Men batting - Pitching for Hamilton Coyotes : RHP Ken Dundee
Batting: RHB Pellervo Rintanen 0-0: Called Strike
0-1: Called Strike
0-2: Foul Ball, location: 2F
0-2: Ball
1-2: Ball
2-2: Fly out, F3 (Popup, 3SF, EV 74.4 MPH)
Batting: LHB Peter Metellus 0-0: Called Strike
0-1: Ball
1-1: Ball
2-1: Ground out U3 (Groundball, 3L, EV 84.4 MPH)
Batting: RHB Matsudaira Sugahara 0-0: Ball
1-0: Ball
2-0: Ball
3-0: Called Strike
3-1: Foul Ball, location: 2F
3-2: Base on Balls
Batting: RHB Marcos Janero 0-0: DOUBLE (Line Drive, 89XD, EV 109.4 MPH)
Matsudaira Sugahara to third
Runner from 3rd tries for Home, SAFE, throw by CF to trailing runner, SAFE at third!
Batting: LHB Edward Kisiner 0-0: Ball
1-0: Called Strike
1-1: Swinging Strike
1-2: Ball
2-2: Ball
3-2: Foul Ball, location: 2F
3-2: Ground out U3 (Groundball, 3, EV 86.9 MPH)
Bottom of the 3rd over - 1 run, 1 hit, 0 errors, 1 left on base; Hamilton 2 - Florida 5
TOP OF THE 4TH
Hamilton Coyotes batting - Pitching for Florida Men : RHP Tim Sharp
Batting: RHB Gary Goodwin 0-0: Foul Ball, location: 2F
0-1: Ball
1-1: Foul Ball, location: 2F
1-2: Strikes out swinging
Batting: RHB Rob Shannon 0-0: Called Strike
0-1: Ground out 1-3 (Groundball, 13, EV 92.5 MPH)
Batting: RHB Dylan Oram 0-0: Swinging Strike
0-1: Ground out 6-3 (Groundball, 6M, EV 85.6 MPH)
Top of the 4th over - 0 runs, 0 hits, 0 errors, 0 left on base; Hamilton 2 - Florida 5
BOTTOM OF THE 4TH
Florida Men batting - Pitching for Hamilton Coyotes : RHP Ken Dundee
Batting: RHB Walke Mehoff 0-0: Ball
1-0: Called Strike
1-1: Ball
2-1: Foul Ball, location: 2F
2-2: Ball
3-2: Strikes out swinging
Batting: LHB Jim Halpert 0-0: Ball
1-0: Ball
2-0: Ball
3-0: Base on Balls
Pitching: RHP Rickey O'Day
Batting: RHB César Guerra 0-0: Ball
1-0: Ball
2-0: Ball
3-0: Base on Balls
Jim Halpert to second
Batting: RHB Obiniana Romulo 0-0: Foul Ball, location: 2F
0-1: Called Strike
0-2: Foul Ball, location: 2F
0-2: Ball
1-2: Strikes out swinging
Batting: RHB Pellervo Rintanen 0-0: Ball
1-0: Ball
2-0: Ground out 1-3 (Groundball, P, EV 68.1 MPH)
Bottom of the 4th over - 0 runs, 0 hits, 0 errors, 2 left on base; Hamilton 2 - Florida 5
TOP OF THE 5TH
Hamilton Coyotes batting - Pitching for Florida Men : RHP Tim Sharp
Batting: LHB Jason Powell 0-0: Called Strike
0-1: Ball
1-1: Swinging Strike
1-2: Foul Ball, location: 2F
1-2: Ground out 4-3 (Groundball, 4M, EV 88.8 MPH)
Batting: RHB Cary Collins 0-0: Called Strike
0-1: Ball
1-1: Ball
2-1: Called Strike
2-2: Foul Ball, location: 2F
2-2: SINGLE (Flyball, 8RS, EV 90.0 MPH)
Batting: SHB Alex Warner 0-0: Called Strike
0-1: Foul Ball, location: 2F
0-2: Single, Error in OF, E9, batter to second base (Line Drive, 34D, EV 95.6 MPH)
Cary Collins to third
Batting: RHB Rey McSriff 0-0: Ball
1-0: Ball
2-0: Foul Ball, location: 2F
2-1: Ball
3-1: Fly out, F7 (Flyball, 7LSF, EV 81.9 MPH)
Batting: SHB Júlio Moreno 0-0: Ball
1-0: SINGLE (Groundball, 5D, EV 105.0 MPH)
Cary Collins scores
Alex Warner to third
Runner from 3rd tries for Home, SAFE, no throw by LF
Batting: RHB Kazunari Mizuno 0-0: Ball
1-0: Ball
2-0: Ball
3-0: Called Strike
3-1: Swinging Strike
3-2: Fly out, F8 (Flyball, 8RS, EV 85.6 MPH)
Top of the 5th over - 2 runs, 3 hits, 1 error, 1 left on base; Hamilton 4 - Florida 5
BOTTOM OF THE 5TH
Florida Men batting - Pitching for Hamilton Coyotes : RHP Rickey O'Day
Batting: LHB Peter Metellus 0-0: Ball
1-0: Ball
2-0: Ground out 6-3 (Groundball, 6, EV 100.6 MPH)
Batting: RHB Matsudaira Sugahara 0-0: Ball
1-0: Ball
2-0: Swinging Strike
2-1: Foul Ball, location: 2F
2-2: Foul Ball, location: 2F
2-2: SINGLE (Groundball, 34D, EV 103.8 MPH)
Pitching: LHP Luis Soto
Batting: RHB Marcos Janero 0-0: Swinging Strike
Pickoff Throw to First - Out! 1-3
0-1: Swinging Strike
0-2: Ball
1-2: Foul Ball, location: 2F
1-2: Strikes out looking
Bottom of the 5th over - 0 runs, 1 hit, 0 errors, 0 left on base; Hamilton 4 - Florida 5
TOP OF THE 6TH
Hamilton Coyotes batting - Pitching for Florida Men : RHP Tim Sharp
Batting: RHB Gary Goodwin 0-0: Swinging Strike
0-1: Swinging Strike
0-2: Hit by Pitch
Batting: RHB Rob Shannon 0-0: Bunt missed!
0-1: Bunted foul
0-2: Ball
1-2: Ball
2-2: Foul Ball, location: 2F
2-2: Strikes out swinging
Pitching: RHP Marty McFly
Batting: RHB Dylan Oram 0-0: SINGLE (Line Drive, 6MD, EV 100.0 MPH)
Gary Goodwin to second
Batting: LHB Jason Powell 0-0: Called Strike
0-1: Foul Ball, location: 2F
0-2: Ball
1-2: Foul Ball, location: 2F
1-2: Strikes out swinging
Batting: RHB Cary Collins 0-0: Ball
1-0: Foul Ball, location: 2F
1-1: Ball
2-1: Ball
3-1: Base on Balls
Gary Goodwin to third
Dylan Oram to second
Batting: SHB Alex Warner 0-0: Ball
1-0: Ball
2-0: DOUBLE (Flyball, 78XD, EV 91.9 MPH)
Gary Goodwin scores
Dylan Oram scores
Cary Collins to third
Batting: RHB Rey McSriff 0-0: Intentional Walk
Batting: SHB Júlio Moreno 0-0: Called Strike
0-1: Ground out 1-3 (Groundball, 34S, EV 76.2 MPH)
Top of the 6th over - 2 runs, 2 hits, 0 errors, 3 left on base; Hamilton 6 - Florida 5
BOTTOM OF THE 6TH
Florida Men batting - Pitching for Hamilton Coyotes : LHP Luis Soto
Batting: LHB Edward Kisiner 0-0: Called Strike
0-1: Swinging Strike
0-2: Strikes out looking
Batting: RHB Walke Mehoff 0-0: Fly out, F8 (Flyball, 8RS, EV 94.4 MPH)
Batting: LHB Jim Halpert 0-0: Called Strike
0-1: Swinging Strike
0-2: Foul Ball, location: 2F
0-2: Ball
1-2: Strikes out swinging
Bottom of the 6th over - 0 runs, 0 hits, 0 errors, 0 left on base; Hamilton 6 - Florida 5
TOP OF THE 7TH
Hamilton Coyotes batting - Pitching for Florida Men : RHP Marty McFly
Batting: RHB Kazunari Mizuno 0-0: Called Strike
0-1: Ground out 5-3 (Groundball, 56S, EV 88.1 MPH)
Batting: RHB Gary Goodwin 0-0: Ball
1-0: Ball
2-0: Ball
3-0: Called Strike
3-1: Foul Ball, location: 2F
3-2: Ground out 4-3 (Groundball, 4, EV 89.4 MPH)
Batting: RHB Rob Shannon 0-0: SINGLE (Groundball, 4D, EV 100.6 MPH)
Batting: RHB Dylan Oram 0-0: Ball
1-0: Called Strike
1-1: Fielders Choice at 2nd, 6-4 (Groundball, 6D, EV 83.8 MPH)
Top of the 7th over - 0 runs, 1 hit, 0 errors, 1 left on base; Hamilton 6 - Florida 5
BOTTOM OF THE 7TH
Florida Men batting - Pitching for Hamilton Coyotes : LHP Luis Soto
Batting: RHB César Guerra 0-0: Swinging Strike
0-1: Ball
1-1: Ground out 5-3 (Groundball, 56, EV 100.0 MPH)
Batting: RHB Obiniana Romulo 0-0: Foul Ball, location: 2F
0-1: Called Strike
0-2: Fly out, F7 (Flyball, 7, EV 98.1 MPH)
Batting: RHB Pellervo Rintanen 0-0: Ball
1-0: Ball
2-0: Swinging Strike
2-1: Foul Ball, location: 2F
2-2: Ground out 6-3 (Groundball, 6M, EV 84.4 MPH)
Bottom of the 7th over - 0 runs, 0 hits, 0 errors, 0 left on base; Hamilton 6 - Florida 5
TOP OF THE 8TH
Hamilton Coyotes batting - Pitching for Florida Men : RHP Marty McFly
Batting: LHB Jason Powell 0-0: Ball
1-0: Ball
2-0: Called Strike
2-1: Foul Ball, location: 2F
2-2: Ball
3-2: Ground out 3-1 (Groundball, 34, EV 80.0 MPH)
Batting: RHB Cary Collins 0-0: Ball
1-0: Called Strike
1-1: Ball
2-1: Swinging Strike
2-2: Ground out 6-3 (Groundball, 56, EV 93.8 MPH)
Batting: SHB Alex Warner 0-0: Ground out 6-3 (Groundball, 4MS, EV 68.8 MPH)
Top of the 8th over - 0 runs, 0 hits, 0 errors, 0 left on base; Hamilton 6 - Florida 5
BOTTOM OF THE 8TH
Florida Men batting - Pitching for Hamilton Coyotes : LHP Luis Soto
Batting: LHB Peter Metellus 0-0: Fly out, F9 (Flyball, 9, EV 91.2 MPH)
Batting: RHB Matsudaira Sugahara 0-0: Ball
1-0: Ball
2-0: SINGLE (Groundball, 6D, EV 95.0 MPH)
Pitching: RHP Erick Indiano
Batting: RHB Marcos Janero 0-0: Ground out U3 (Groundball, 3S, EV 77.5 MPH)
Matsudaira Sugahara to second
Batting: LHB Edward Kisiner 0-0: Called Strike
0-1: Foul Ball, location: 2F
0-2: Foul Ball, location: 2F
0-2: Fly out, F9 (Flyball, 9LD, EV 88.8 MPH)
Bottom of the 8th over - 0 runs, 1 hit, 0 errors, 1 left on base; Hamilton 6 - Florida 5
TOP OF THE 9TH
Hamilton Coyotes batting - Pitching for Florida Men : RHP Marty McFly
Batting: RHB Rey McSriff 0-0: Ground out 6-3 (Groundball, 6M, EV 91.9 MPH)
Batting: SHB Júlio Moreno 0-0: Ball
1-0: Ground out 4-3 (Groundball, 4M, EV 88.8 MPH)
Batting: RHB Kazunari Mizuno 0-0: Called Strike
0-1: Ball
1-1: Ball
2-1: Ground out U3 (Groundball, 3L, EV 108.1 MPH)
Top of the 9th over - 0 runs, 0 hits, 0 errors, 0 left on base; Hamilton 6 - Florida 5
BOTTOM OF THE 9TH
Florida Men batting - Pitching for Hamilton Coyotes : RHP Erick Indiano
Pitching: RHP Stu Searle
Batting: RHB Walke Mehoff 0-0: Ball
1-0: Called Strike
1-1: Foul Ball, location: 2F
1-2: Fly out, F8 (Flyball, 78D, EV 80.0 MPH)
Batting: LHB Jim Halpert 0-0: Called Strike
0-1: Foul Ball, location: 2F
0-2: Foul Ball, location: 2F
0-2: Ball
1-2: Ground out 4-3 (Groundball, 4, EV 108.1 MPH)
Batting: RHB César Guerra 0-0: Foul Ball, location: 2F
0-1: Ball
1-1: Foul Ball, location: 2F
1-2: Ball
2-2: Ball
3-2: Ground out 4-3 (Groundball, 34, EV 89.4 MPH)
Bottom of the 9th over - 0 runs, 0 hits, 0 errors, 0 left on base; Hamilton 6 - Florida 5
Friday, March 26th, 2021 - OOTP Baseball 20.8 Build 74